 Dungeon Crawl Stone Soup version 0.18.1-6-gd335043 (webtiles) character file.

33 manyhoops the Chopper (level 3, -4/28 HPs)
             Began as a Demonspawn Gladiator on May 16, 2016.
             Succumbed to a kobold's poison
             ... on level 2 of the Dungeon.
             The game lasted 00:01:57 (1187 turns).

manyhoops the Chopper (Demonspawn Gladiator)        Turns: 1187, Time: 00:01:58

Health: -4/28      AC: 12    Str: 15 (16) XL:     3   Next: 12%
Magic:  3/3        EV:  4    Int:  7 (9)  God:
Gold:   100        SH:  0    Dex: 12 (13) Spells: 0 memorised, 2 levels left

rFire  . . .     SeeInvis .     a - +0 war axe
rCold  . . .     Gourm    .     j - +0 plate armour
rNeg   . . .     Faith    .     (no shield)
rPois  .         Spirit   .     c - +0 helmet
rElec  .         Dismiss  .     (no cloak)
rCorr  .         Reflect  .     (no gloves)
SustAt .         Harm     .     (no boots)
MR     .....                    h - amulet of inaccuracy (curse)
Stlth  ..........               (no ring)
                                (no ring)

@: lethally poisoned (-4 -> -53), not resistant to hostile enchantments,
extremely unstealthy
A: rugged brown scales 1, powered by death 1
a: no special abilities


You were on level 2 of the Dungeon.
You were not hungry.

You visited 1 branch of the dungeon, and saw 2 of its levels.

You collected 100 gold pieces.

Inventory:

Hand Weapons
 a - a +0 war axe (weapon)
Missiles
 d - 3 throwing nets (quivered)
Armour
 b - a +0 leather armour
 c - a +0 helmet (worn)
 j - a +0 plate armour (worn)
 l - a +0 chain mail
Jewellery
 h - a cursed amulet of inaccuracy (around neck)
 i - an uncursed amulet of dismissal {unknown}
Scrolls
 e - a scroll of teleportation
 g - a scroll of identify
Potions
 n - 2 potions of curing
 o - a potion of agility
Comestibles
 f - a bread ration
 k - a beef jerky
 p - 3 chunks of flesh


   Skills:
 + Level 2.4 Fighting
 + Level 3.4 Axes
 - Level 1.7 Throwing
 + Level 0.8 Armour
 - Level 2.6 Dodging


You had 2 spell levels left.
You didn't know any spells.

Dungeon Overview and Level Annotations

Branches:
Dungeon (2/15)

Altars:
Gozag


Innate Abilities, Weirdness & Mutations

You are partially covered in rugged brown scales (AC +1, +3% HP).
You regenerate a little health from kills.


Message History

The kobold barely misses you.
You miss the kobold.
* * * LOW HITPOINT WARNING * * *
You feel very sick.
The kobold hits you but does no damage. x2
You are more poisoned.
You are too injured to fight recklessly!
You are too injured to fight recklessly!
You are too injured to fight recklessly!
You are too injured to fight recklessly!
You are too injured to fight recklessly!
You are too injured to fight recklessly!
There is a lethal amount of poison in your body!
You closely miss the kobold.
* * * LOW HITPOINT WARNING * * *
You feel very sick. The kobold hits you but does no damage.
You are more poisoned.
You barely miss the kobold.
You die...

####### #.....#
#.###.### #.#.....#
**** #(#.#.### *,,,
****#@#.._..# *,**
#....K###.#.# *,,,
#.##.##.....# #####**
*,*#.*###.#### #...#,.
*,*#.##...##.###.#.##.
*,*#>.................
*,*#.....#.........#..
*,*#..#..#.#######.##.
*,#......#.# ####.†..


You could see a kobold.

Vanquished Creatures
  An adder (D:2)
  A dart slug (D:1)
  A giant cockroach (D:1)
  3 goblins
  3 hobgoblins (D:1)
  3 ball pythons
  4 bats
  3 giant newts
  4 kobolds
23 creatures vanquished.

Notes
Turn   | Place    | Note
--------------------------------------------------------------
     0 | D:1      | manyhoops the Demonspawn Gladiator began the quest for the Orb.
     0 | D:1      | Reached XP level 1. HP: 16/16 MP: 1/1
   227 | D:1      | Reached skill level 3 in Axes
   260 | D:1      | Gained mutation: You regenerate a little health from kills. [demonic ancestry]
   260 | D:1      | Reached XP level 2. HP: 15/22 MP: 2/2
   662 | D:2      | HP: 1/22 [poisoned by an adder]
   663 | D:2      | Gained mutation: You are partially covered in rugged brown scales (AC +1, +3% HP). [demonic ancestry]
   663 | D:2      | Reached XP level 3. HP: 1/28 MP: 3/3
   705 | D:1      | HP: 1/28 [poisoned by an adder]
  1151 | D:2      | Found an opulent altar of Gozag.
  1186 | D:2      | HP: 1/28 [poisoned by a kobold]
  1187 | D:2      | Succumbed to a kobold's poison

Skill      XL: |  1 |
---------------+----+-----
Axes           | 3 |  3.4
Fighting       | |  2.4
Throwing       | |  1.7
Armour         | |  0.8
Dodging        | |  2.6

Action                   || total
-------------------------++-------
Melee: War axe           ||   146
  Use: Potion            ||     3
       Scroll            ||     3
  Eat: Chunk             ||     1
Armor: Leather armour    ||    10
       Chain mail        ||    77
       Plate armour      ||    34
Dodge: Dodged            ||    89
